 Dungeon Crawl Stone Soup version 0.20-a0-689-g860b9ab (webtiles) character file.

2194 graki42 the Thaumaturge (level 9, 0/48 HPs)
             Began as a Deep Elf Fire Elementalist on Feb 20, 2017.
             Was a Follower of Vehumet.
             Slain by an unseen horror (1 damage)
             ... on level 7 of the Dungeon.
             The game lasted 00:22:16 (6794 turns).

graki42 the Thaumaturge (DEFE)                      Turns: 6794, Time: 00:22:16

Health: 0/48       AC:  8    Str:  8    XL:     9   Next: 12%
Magic:  15/24      EV: 13    Int: 21    God:    Vehumet [*.....]
Gold:   370        SH:  0    Dex: 15    Spells: 11/27 levels left

rFire    . . .     SeeInvis .   m - +0 dagger (speed)
rCold    . . .     Gourm    .   C - +3 leather armour {rPois}
rNeg     . . .     Faith    +   (no shield)
rPois    +         Spirit   .   (no helmet)
rElec    .         Reflect  .   y - +0 cloak
rCorr    .         Harm     .   l - +0 pair of gloves
MR       .....                  (no boots)
Stlth    +.........             d - amulet of faith
Regen    0.2/turn               (no ring)
MPRegen  0.2/turn               (no ring)

@: liquid flames, glowing
A: no striking features
a: Renounce Religion


You were on level 7 of the Dungeon.
You worshipped Vehumet.
Vehumet was aware of your devotion.
You were not hungry.

You visited 2 branches of the dungeon, and saw 8 of its levels.

You collected 370 gold pieces.

Inventory:

Hand Weapons
 m - a +0 dagger of speed (weapon)
Armour
 a - a +0 robe
 l - a +0 pair of gloves (worn)
 y - a +0 cloak (worn)
 C - a +3 leather armour of poison resistance (worn)
Jewellery
 d - an amulet of faith (around neck)
Wands
 z - a wand of lightning (8/15)
 D - a wand of confusion (20/48)
Scrolls
 e - 3 scrolls of remove curse {unknown}
 n - a scroll of fog {unknown}
 o - 3 scrolls of teleportation {unknown}
 q - 3 scrolls of enchant weapon {unknown}
 r - 3 scrolls of magic mapping {unknown}
 u - a scroll of fear {unknown}
 v - 2 scrolls of random uselessness {unknown}
 x - 7 scrolls of identify {unknown}
 F - a scroll of recharging {unknown}
Potions
 i - a potion of magic {unknown}
 j - 2 potions of heal wounds {unknown}
 k - 3 potions of curing
 p - 2 potions of brilliance {unknown}
 s - a potion of ambrosia {unknown}
 t - a potion of haste {unknown}
 w - a potion of might {unknown}
 A - a potion of lignification {unknown}
 B - a potion of degeneration {unknown}
Books
 b - a book of Flames

   Spells                             Type                      Level
   a - Flame Tongue                   Conjuration/Fire             1
   b - Throw Flame                    Conjuration/Fire             2
   c - Conjure Flame                  Conjuration/Fire             3
   d - Inner Flame                    Hexes/Fire                   3
   e - Sticky Flame                   Conjuration/Fire             4
   f - Fireball                       Conjuration/Fire             5
 G - a book of Misfortune

   Spells                             Type                      Level
   a - Confusing Touch                Hexes                        1
   b - Confuse                        Hexes                        3
   c - Gell's Gravitas                Hexes/Translocation          3
   d - Petrify                        Transmutation/Earth          4
   e - Metabolic Englaciation         Hexes/Ice                    5
   f - Yara's Violent Unravelling     Hexes/Transmutation          5
Comestibles
 c - 4 bread rations
 f - 3 meat rations
 g - 3 fruits
 h - 3 royal jellies
 E - 6 chunks of flesh


   Skills:
 + Level 2.0 Fighting
 + Level 0.2 Short Blades
 + Level 2.0 Armour
 + Level 3.2 Dodging
 + Level 4.1 Stealth
 + Level 9.7 Spellcasting
 + Level 6.6 Conjurations
 + Level 1.0 Hexes
 + Level 7.0 Fire Magic


You had 11 spell levels left.
You knew the following spells:

 Your Spells              Type           Power        Failure   Level  Hunger
a - Flame Tongue          Conj/Fire      #####        1%          1    None
b - Conjure Flame         Conj/Fire      #####...     1%          3    None
c - Inner Flame           Hex/Fire       ####....     8%          3    None
d - Sticky Flame          Conj/Fire      #####...     8%          4    ##.....
e - Fireball              Conj/Fire      #####.....   17%         5    ####...


Dungeon Overview and Level Annotations

Branches:
Dungeon (7/15)             Temple (1/1) D:4

Altars:
Ashenzari
Cheibriados
Dithmenos
Elyvilon
Fedhas
Gozag
Hepliaklqana
Kikubaaqudgha
Makhleb
Nemelex Xobeh
Okawaru
Qazlal
Ru
Sif Muna
Trog
Uskayaw
Vehumet
Xom
Yredelemnul
Zin
The Shining One


Message History

You have reached level 9!
Your experience leads to an increase in your attributes!
Increase (S)trength, (I)ntelligence, or (D)exterity?
You feel stronger.
You are covered in liquid flames!
Okay, then.
You are covered in liquid flames!
You are covered in liquid flames!
* * * LOW HITPOINT WARNING * * *
It was a potion of curing.
You feel better.
You are covered in liquid flames!
* * * LOW HITPOINT WARNING * * *
Something hits you!
* * * LOW HITPOINT WARNING * * *
Deactivating autopickup; reactivate with Ctrl-A.
You feel better.
You are covered in liquid flames!
* * * LOW HITPOINT WARNING * * *
Something hits you.
You die...

####.#.#### ###
#...<.....#
####.#.##.#
#.#.##.# #
#.##.#
..##.########
..#.........#
#..#..######.###
......# #.@...#
#.....# #.#.#.#
#...D... #.#.#.#
.l........ยง.#.#
#
#.......#####.#
##..... #.# #.#
.#


There were no monsters in sight!

Vanquished Creatures
  The ghost of graki42 the Thaumaturge, a novice DEFE of Vehumet (D:7)
  A hungry ghost (D:7)
  Edmund (D:6)
  5 ogres
  An ice beast (D:7)
  3 phantoms
  A centaur (D:7)
  A water moccasin zombie (D:5)
  A bullfrog zombie (D:5)
  A hound (D:4)
  2 jellies
  3 orc wizards
  2 orc priests
  2 worker ants
  A hound skeleton (D:6)
  A worker ant zombie (D:5)
  8 adders
  7 gnolls
  A howler monkey skeleton (D:4)
  A shadow imp (D:5)
  2 oozes
  6 worms
  2 dart slugs
  7 leopard geckos
  18 orcs
  6 giant cockroaches
  3 goblins
  7 hobgoblins
  9 jackals
  10 kobolds
  3 quokkas
  3 bats
  4 frilled lizards
  A jackal zombie (D:6)
  A leopard gecko skeleton (D:7)
  A quokka skeleton (D:5)
  4 rats
131 creatures vanquished.

Notes
Turn   | Place    | Note
-------+----------+-------------------------------------------
     0 | D:1      | graki42 the Deep Elf Fire Elementalist began the quest for the Orb.
     0 | D:1      | Reached XP level 1. HP: 10/10 MP: 6/6
   235 | D:1      | Reached XP level 2. HP: 12/15 MP: 1/8
   809 | D:1      | Reached XP level 3. HP: 19/19 MP: 6/9
  1074 | D:2      | Learned a level 3 spell: Conjure Flame
  1078 | D:2      | Learned a level 3 spell: Inner Flame
  1253 | D:2      | Found an opulent altar of Gozag.
  1994 | D:3      | Reached XP level 4. HP: 22/24 MP: 6/11
  2025 | D:3      | Reached skill level 4 in Spellcasting
  2530 | D:3      | Reached XP level 5. HP: 19/28 MP: 6/13
  3037 | D:4      | Learned a level 4 spell: Sticky Flame
  3125 | D:4      | Reached skill level 5 in Spellcasting
  3173 | D:4      | Noticed a phantom
  3194 | D:4      | Killed a phantom
  3194 | D:4      | Reached XP level 6. HP: 15/33 MP: 2/16
  3287 | D:4      | Found a staircase to the Ecumenical Temple.
  3317 | Temple   | Entered the Ecumenical Temple
  3379 | Temple   | Became a worshipper of Vehumet
  3681 | D:4      | Got a dazzling leather armour
  3692 | D:4      | Identified the +0 leather armour of Joy {rPois Dex+4 Slay-5} (You found it on level 4 of the Dungeon)
  4095 | D:4      | Reached skill level 5 in Fire Magic
  4142 | D:5      | Entered Level 5 of the Dungeon
  4153 | D:5      | Reached skill level 6 in Spellcasting
  4439 | D:5      | Reached skill level 1 in Fighting
  4456 | D:5      | Reached XP level 7. HP: 25/38 MP: 7/18
  4752 | D:5      | Reached skill level 1 in Armour
  4887 | D:5      | Reached skill level 7 in Spellcasting
  4887 | D:5      | Reached skill level 1 in Hexes
  4995 | D:5      | Reached * piety under Vehumet
  4995 | D:5      | Offered knowledge of Sting by Vehumet.
  5002 | D:5      | Learned a level 5 spell: Fireball
  5248 | D:5      | Found an iron altar of Okawaru.
  5385 | D:6      | Noticed Edmund
  5395 | D:6      | Killed Edmund
  5519 | D:6      | Reached XP level 8. HP: 43/43 MP: 15/21
  5958 | D:6      | Reached skill level 5 in Conjurations
  6016 | D:6      | Reached skill level 8 in Spellcasting
  6571 | D:7      | Reached skill level 9 in Spellcasting
  6781 | D:7      | Noticed graki42's ghost (novice DEFE)
  6790 | D:7      | Killed graki42's ghost
  6790 | D:7      | Reached XP level 9. HP: 28/48 MP: 14/24
  6794 | D:7      | HP: 1/48 [burnt (8)]
  6794 | D:7      | Slain by an unseen horror

Vault maps used:
D:1:      dpeg_arrival_three_smaller_balls, serial_corexii_hall,
          corexii_hall_statues_x, corexii_hall_statues_x
D:2:      kennysheep_decorative_pillar, nicolae_gozag_seed_capital
D:4:      minmay_temple_entry_statues_fountains, serial_forest,
          infiniplex_forest_clump_tiny, infiniplex_forest_straight_5,
          infiniplex_forest_clump_small, infiniplex_forest_lined_corner,
          infiniplex_forest_straight_2, infiniplex_forest_clump_tiny,
          infiniplex_forest_clump_double, infiniplex_forest_clump_double,
          nrook_loot_triangle, serial_bayou_lagoon_a
D:5:      first_bread, okawaru_metal_pillars_1_2, uniq_duvessa
D:6:      uniq_edmund
D:7:      uniq_crazy_yiuf_cottage
Temple:   compressed_dpeg_triangle_lava_temple

Skill      XL: |  1  2  3  4  5  6  7  8 |
---------------+-------------------------+-----
Fire Magic     | 4 5 7 |  7.0
Conjurations   | 2 3 4 6 |  6.6
Spellcasting   | 4 5 6 7 9 |  9.7
Fighting       | 1 2 |  2.0
Armour         | 1 2 |  2.0
Stealth        | 3 4 |  4.1
Hexes          | 1 |  1.0
Dodging        | 3 |  3.2
Short Blades   | |  0.2

Action                   |  1- 3 |  4- 6 |  7- 9 || total
-------------------------+-------+-------+-------++-------
Melee: Dagger            |       |     1 |     5 ||     6
 Cast: Flame Tongue      |    79 |   113 |   115 ||   307
       Conjure Flame     |     1 |     7 |    10 ||    18
       Inner Flame       |       |     3 |       ||     3
       Sticky Flame      |       |       |     6 ||     6
  Use: Potion            |       |       |     2 ||     2
 Stab: Sleeping          |       |     1 |     2 ||     3
  Eat: Chunk             |     3 |     7 |     9 ||    19
       Fruit             |       |     1 |       ||     1
Armor: Robe              |     3 |     2 |       ||     5
       Leather armour    |       |       |     8 ||     8
Dodge: Dodged            |    21 |    24 |    17 ||    62
